 Dungeon Crawl Stone Soup version 0.19.5 (webtiles) character file.

1897 equalderp2856 the Covert (level 8, -2/36 HPs)
             Began as a Felid Fighter on Mar 25, 2017.
             Slain by Psyche
             ... wielding a +4 dagger of chaos
              (11 damage)
             ... on level 8 of the Dungeon.
             The game lasted 00:22:17 (9192 turns).

equalderp2856 the Covert (Felid Fighter)            Turns: 9192, Time: 00:22:18

Health: -2/36      AC:  2    Str: 13    XL:     8   Next: 93%
Magic:  9/9        EV: 23    Int: 10    God:
Gold:   424        SH:  0    Dex: 17    Spells: 0 memorised, 7 levels left
                                        Lives:  0   Deaths: 2

rFire  . . .     SeeInvis +       - Unarmed
rCold  . . .     Gourm    .     (armour unavailable)
rNeg   . . .     Faith    .     (shield unavailable)
rPois  +         Spirit   .     (helmet unavailable)
rElec  .         Reflect  .     (cloak unavailable)
rCorr  .         Harm     .     (gloves unavailable)
MR     +....                    (boots unavailable)
Stlth  +++++.....               (no amulet)
                                (no ring)
                                o - ring of poison resistance

@: slowed, slow
A: no armour, no weapons or thrown items, stealth, claws 1, fangs 3, see
invisible, carnivore 3, speed 1, shaggy fur 2, slow metabolism 1, sharp paws
a: no special abilities


You were on level 8 of the Dungeon.
You were full.

You visited 1 branch of the dungeon, and saw 8 of its levels.

You collected 424 gold pieces.

Inventory:

Jewellery
 l - an uncursed ring of fire
 o - a ring of poison resistance (left paw)
 u - a +5 ring of intelligence {unknown}
 A - a +2 ring of protection {unknown}
 D - an uncursed ring of protection from fire {unknown}
Wands
 t - a wand of lightning (0/15)
 E - a wand of polymorph (11/24)
Scrolls
 c - a scroll of fog
 d - a scroll of remove curse
 e - 3 scrolls of teleportation
 f - a scroll of random uselessness {unknown}
 g - 2 scrolls of enchant armour {unknown}
 h - 3 scrolls of identify
 i - a scroll of amnesia {unknown}
 j - 3 scrolls of fear {unknown}
 v - a scroll of recharging {unknown}
 y - 2 scrolls of enchant weapon {unknown}
 z - a scroll of noise {unknown}
 B - a scroll of blinking {unknown}
Potions
 a - 2 potions of might
 k - a potion of resistance {unknown}
 m - 3 potions of lignification
 n - a potion of curing
 p - 2 potions of flight {unknown}
 q - a potion of degeneration {unknown}
 r - a potion of agility {unknown}
 w - a potion of heal wounds
 x - 2 potions of haste
 C - a potion of brilliance {unknown}
Comestibles
 b - 4 meat rations
 s - a royal jelly


   Skills:
 + Level 4.3 Fighting
 + Level 7.2 Dodging
 + Level 10.6 Stealth
 + Level 10.3 Unarmed Combat
 + Level 1.2 Evocations


You had 7 spell levels left.
You didn't know any spells.

Dungeon Overview and Level Annotations

Branches:
Dungeon (8/15)             Temple (0/1) D:5
   Lair: D:8-11

Altars:
Fedhas
Okawaru
Qazlal
Sif Muna

Shops:
D:5 [*:*

Annotations:
D:4 equalderp2856's ghost, weakling FeFi
D:8 Psyche


Innate Abilities, Weirdness & Mutations

You cannot wear armour.
You are incapable of wielding weapons or throwing items.
Your paws allow you to move quietly. (Stealth)
You have sharp claws.
You have razor-sharp teeth.
You have supernaturally acute eyesight. (SInv)
You are carnivorous and can eat meat at any time.
You cover ground quickly.
You are covered in thick fur. (AC +2)
You have a slow metabolism.
Your sharp claws are effective at attacking unaware monsters.


Message History

Psyche is nearby!
Psyche is nearby!
Psyche points at you and mumbles some strange words.
The puff of frost hits you!
Psyche laughs secretively.
Psyche looks braver for a moment.
Psyche hits you with a dagger of chaos.
You feel yourself slow down.
You claw Psyche! x2
Psyche is severely wounded.
Psyche gestures at you while chanting. The puff of flame misses you.
Psyche casts a spell at you. The puff of frost misses you.
You barely miss Psyche.
Psyche is severely wounded.
Psyche gestures at you while chanting. The magic dart hits you!
Psyche hits you with a dagger of chaos.
* * * LOW HITPOINT WARNING * * *
Space warps horribly around you!
You die...

#### #..... ##.......
#.........
##..........
##.(............
#@.!..........[.
##@..............
##...........)....
#................ ..
#.........<..... ...
#............### ....
#..............##....
#........###........#
##....#### ##.....##
###### #.....#


You could see Psyche.

Vanquished Creatures
  Pikel (D:3)
  Prince Ribbit (D:8)
  A hippogriff (D:5)
  Sigmund (D:3)
  Eustachio (D:5)
  3 phantoms
  4 sky beasts
  4 ogres
  A centaur (D:6)
  A bullfrog (D:7)
  A water moccasin skeleton (D:5)
  8 wights
  A howler monkey (D:6)
  An orc priest (D:6)
  A hound (D:5)
  An orc wizard (D:6)
  A bullfrog skeleton (D:6)
  2 centaur skeletons
  2 iguanas (D:5)
  5 worker ants
  A hound skeleton (D:6)
  A worker ant zombie (D:8)
  11 adders
  2 oozes
  2 adder skeletons
  A dart slug (D:2)
  2 leopard geckos
  15 orcs
  3 bats
  A giant cockroach (D:6)
  7 goblins
  5 hobgoblins
  17 jackals
  6 quokkas
  4 ball pythons (D:4)
  3 frilled lizards
  A jackal skeleton (D:6)
  7 kobolds
  11 rats
141 creatures vanquished.

Vanquished Creatures (others)
  2 slaves (D:5)
  A howler monkey (D:5)
3 creatures vanquished.

Grand Total: 144 creatures vanquished

Notes
Turn   | Place    | Note
-------+----------+-------------------------------------------
     0 | D:1      | equalderp2856 the Felid Fighter began the quest for the Orb.
     0 | D:1      | Reached XP level 1. HP: 10/10 MP: 2/2
   163 | D:1      | Reached XP level 2. HP: 7/14 MP: 3/3
   841 | D:1      | Reached XP level 3. HP: 17/17 MP: 4/4
  1144 | D:2      | Reached skill level 1 in Stealth
  1343 | D:2      | Found a faded altar of an unknown god.
  1771 | D:3      | Reached skill level 5 in Unarmed Combat
  2061 | D:3      | Reached XP level 4. HP: 13/21 MP: 5/5
  2278 | D:3      | HP: 1/21 [orc/hand axe of venom (5)]
  2279 | D:3      | Succumbed to an orc's poison
  2280 | D:3      | Reached XP level 3. HP: -1/17 MP: 4/4
  2311 | D:3      | Found a stormy altar of Qazlal.
  2513 | D:3      | Noticed Sigmund
  2518 | D:3      | Killed Sigmund
  2518 | D:3      | Reached XP level 4. HP: 21/21 MP: 5/5
  2518 | D:3      | Reached XP level 5. HP: 24/24 MP: 6/6
  2939 | D:4      | Found an iron altar of Okawaru.
  3062 | D:4      | Found a deep blue altar of Sif Muna.
  3106 | D:4      | Noticed equalderp2856's ghost (weakling FeFi)
  3641 | D:5      | Entered Level 5 of the Dungeon
  3641 | D:5      | Found Xeloriry's General Store.
  3642 | D:5      | Noticed a sky beast
  3653 | D:5      | Gained mutation: You are covered in thick fur. (AC +2) [Felid growth]
  3653 | D:5      | Reached XP level 6. HP: 27/28 MP: 7/7
  3698 | D:5      | Found Alostiso's Book Emporium.
  3724 | D:5      | Found Pirogriuc's Antique Armour Shoppe.
  3744 | D:5      | Found a staircase to the Ecumenical Temple.
  3960 | D:5      | Reached skill level 5 in Dodging
  3960 | D:5      | Reached skill level 5 in Stealth
  4079 | D:5      | Reached XP level 7. HP: 31/31 MP: 8/8
  4096 | D:5      | Found Vedghug's General Store.
  4254 | D:5      | Noticed Eustachio
  4854 | D:5      | Killed Eustachio
  5271 | D:5      | Reached XP level 8. HP: 28/36 MP: 9/9
  5360 | D:5      | Noticed Pikel
  5843 | D:3      | Killed Pikel
  6260 | D:6      | Noticed a hippogriff
  6549 | D:5      | Killed a hippogriff
  6549 | D:5      | Reached skill level 1 in Evocations
  7348 | D:6      | Reached XP level 9. HP: 25/39 MP: 10/10
  7583 | D:6      | Reached skill level 10 in Stealth
  7856 | D:6      | Found a blossoming altar of Fedhas.
  7952 | D:6      | Hit by a tomahawk thrown by an orc
  7953 | D:6      | Reached XP level 8. HP: 0/36 MP: 9/9
  8545 | D:7      | Reached skill level 10 in Unarmed Combat
  8860 | D:8      | Noticed Prince Ribbit
  8866 | D:8      | Killed Prince Ribbit
  9183 | D:8      | Noticed Psyche
  9192 | D:8      | Slain by Psyche

Skill      XL: |  1  2  3  4  5  6  7  8  9 |
---------------+----------------------------+-----
Stealth        | 4 2 5 8 9 10 | 10.6
Unarmed Combat | 5 6 7 10 | 10.3
Dodging        | 5 7 |  7.2
Fighting       | 4 |  4.3
Evocations     | 1 |  1.2

Action                   |  1- 3 |  4- 6 |  7- 9 || total
-------------------------+-------+-------+-------++-------
Melee: Unarmed           |    88 |    78 |   279 ||   445
       Bite              |     9 |     7 |    28 ||    44
       Punch             |     2 |       |    11 ||    13
Evoke: Wand              |       |       |     2 ||     2
  Use: Potion            |     1 |     1 |       ||     2
       Scroll            |       |     1 |     3 ||     4
 Stab: Sleeping          |     7 |    15 |    14 ||    36
       Distracted        |     1 |       |     2 ||     3
  Eat: Chunk             |    10 |     8 |     9 ||    27
Armor: Skin              |     1 |     2 |     5 ||     8
Dodge: Dodged            |    64 |    43 |   212 ||   319
